 Dungeon Crawl Stone Soup version 0.30-a0-170-g85af917532 (webtiles) character file.

Game seed: 11639161168231995851

191 RepoMan the Poker (level 5, -1/41 HPs)
             Began as a Mummy Monk on Oct 1, 2022.
             Killed by divine providence
             ... invoked by an orc priest
              (14 damage)
             ... on level 4 of the Dungeon.
             The game lasted 00:18:02 (3281 turns).

RepoMan the Poker (Mummy Monk)                      Turns: 3281, Time: 00:18:02

Health: -1/41      AC:  8    Str: 16    XL:     5   Next: 41%
Magic:  5/5        EV: 11    Int:  9    God:
Gold:   169        SH:  5    Dex: 15    Spells: 4/4 levels left

rFire   x . .      SeeInvis .    a - +0 spear
rCold   + . .      Faith    +    (no shield)
rNeg    + + +      Spirit   .    h - +0 ring mail
rPois   ∞          Reflect  +    (no helmet)
rElec   .          Harm     .    (no cloak)
rCorr   +          Rampage  .    c - +0 pair of gloves
Will    .....                    f - +1 pair of boots
Stlth   +.........               m - amulet of reflection
HPRegen 0.13/turn                l - ring of resist corrosion
MPRegen 0.09/turn                (no ring)

@: about to teleport, weak-willed
A: cold resistance 1, negative energy resistance 3, torment resistance 2, heat
vulnerability 1, in touch with death 1, no potions, faith
a: no special abilities


You were on level 4 of the Dungeon.
You visited 1 branch of the dungeon, and saw 4 of its levels.

You collected 169 gold pieces.

Inventory:

Hand Weapons
 a - a +0 spear (weapon)
Missiles
 b - 14 poisoned darts
 i - 3 stones (quivered)
Armour
 c - a +0 pair of gloves (worn)
 f - a +1 pair of boots (worn)
 h - a +0 ring mail (worn)
Jewellery
 l - a ring of resist corrosion (left hand)
 m - an amulet of reflection (around neck)
Scrolls
 g - 2 scrolls of vulnerability
 j - a scroll of noise


   Skills:
 - Level 3.0 Fighting
 * Level 5.1 Polearms
 - Level 2.4 Dodging
 - Level 1.5 Stealth


You had 4 spell levels left.
You didn't know any spells.
Your spell library contained the following spells:

 Spells                   Type           Power      Damage    Failure   Level
 Sandblast                Erth           0%         2d4       61%         1


Dungeon Overview and Level Annotations

Branches:
Dungeon (4/15)
 Temple: D:4-7

Altars:
Cheibriados

Shops:
D:4 [

Annotations:
D:2 exclusion: 2 downstairs


Innate Abilities, Weirdness & Mutations

You are immune to poison.
Your flesh is cold resistant. (rC+)
You are immune to negative energy. (rN+++)
You are immune to unholy pain and torment.
You are vulnerable to heat. (rF-)
You are in touch with the powers of death.
You do not drink.
You have a special connection with the divine. (Faith)


Message History

Unknown command.
You aren't carrying any items that you can evoke.
You closely miss the orc priest.
The orc priest is lightly wounded.
The orc priest barely misses you.
You hit the orc priest but do no damage.
The orc priest is lightly wounded.
The orc priest hits you with a +0 club.
You hit the orc priest but do no damage.
The orc priest is lightly wounded.
The orc priest hits you but does no damage.
You barely miss the orc priest.
The orc priest is lightly wounded.
The orc priest hits you with a +0 club.
As you read the scroll labelled LYCUIB FAMAWAH, it crumbles to dust.
You hear a loud clanging noise!
It was a scroll of noise.
The orc priest barely misses you.
As you read the scroll labelled EKEROU POIPAUT, it crumbles to dust.
It is a scroll of enchant armour.
Your +0 pair of boots glows green for a moment.
You block the orc priest's attack.
You hit the orc priest.
The orc priest is moderately wounded.
The orc priest calls down the wrath of Beogh upon you.
Beogh smites you!
Okay, then.
Unknown command.
Okay, then.
Unknown command.
Press: ? - help, v - describe, . - travel
Here: an orc priest, wielding a +0 club and wearing a +0 ring mail (moderately wounded, weak-willed)
The floor.
Unknown command.
As you read the scroll of teleportation, it crumbles to dust.
You feel strangely unstable. You block the orc priest's attack.
You barely miss the orc priest.
The orc priest is moderately wounded.
The orc priest invokes the aid of Beogh against you.
Beogh smites you!
You die...

##### .)..# ....# ....########
##### ...........# #....
.<#.##!.>..# #....
..#.##.....##################....
.....+.........o@...........'....
#.#.##.....#...##############....
#.#...########)# ##... ..#.###
####.######## #### ###.#
#...........# ....# #.##o######.#
###########.##(##...#+### #
#.........((..#.......#
#####.......##(####.......#


You could see an orc priest (weak-willed).

Vanquished Creatures
  A scorpion (D:4)
  2 orc wizards (D:4)
  3 adders
  3 dart slugs
  4 ball pythons
  4 endoplasms
  2 giant cockroaches (D:1)
  6 goblins
  4 hobgoblins
  A jackal (D:3)
  8 kobolds
  2 quokkas
  6 bats
  3 frilled lizards (D:2)
  3 rats
52 creatures vanquished.

Vanquished Creatures (others)
  2 plants (D:2)
2 creatures vanquished.

Grand Total: 54 creatures vanquished

Notes
Turn   | Place    | Note
-------+----------+-------------------------------------------
     0 | D:1      | RepoMan the Mummy Monk began the quest for the Orb.
     0 | D:1      | Reached XP level 1. HP: 18/18 MP: 1/1
   339 | D:1      | Reached skill level 3 in Polearms
   339 | D:1      | Reached XP level 2. HP: 19/24 MP: 2/2
   447 | D:1      | Found a faded altar of an unknown god.
   450 | D:1      | Got Plato's Handbook of the Quarry
  1251 | D:2      | Gained mutation: You are in touch with the powers of death.
                  | [Mummy growth]
  1251 | D:2      | Reached XP level 3. HP: 28/29 MP: 3/3
  2075 | D:4      | Found a snail-covered altar of Cheibriados.
  2153 | D:4      | Found Heack's Armour Shoppe.
  2378 | D:4      | Noticed a scorpion
  2388 | D:4      | Killed a scorpion
  2389 | D:4      | Reached skill level 4 in Polearms
  2389 | D:4      | Reached XP level 4. HP: 30/35 MP: 4/4
  2455 | D:4      | Identified the +1 robe of Lugonu's Inspiration {+Inv Fly
                  | rF- Int+5}
  2701 | D:4      | Reached XP level 5. HP: 23/41 MP: 5/5
  3225 | D:4      | Reached skill level 5 in Polearms
  3281 | D:4      | Killed from afar by an orc priest

Illustrated notes

Levels and vault maps discovered:
D:1:      minmay_arrival_four_houses, layout_rooms,
          shapermc_ecumenical_altar_rom_forum, minmay_quantized
D:2:      layout_loops_ring, serial_forest, infiniplex_forest_lined_room_2,
          infiniplex_forest_side_room, infiniplex_forest_clump_double,
          infiniplex_forest_zigzag_1, infiniplex_forest_lined_ring
D:3:      layout_rooms, minmay_starry_boxes, uniq_sigmund
D:4:      layout_basic, old_standard_altar, serial_shops, shop,
          grunt_decor_junction

Skill      XL: |  1  2  3  4  5 |
---------------+----------------+-----
Polearms       | 3 4 5 |  5.1
Fighting       | |  3.0
Dodging        | |  2.4
Stealth        | |  1.5

Action                   |  1- 3 |  4- 6 || total
-------------------------+-------+-------++-------
Melee: Spear             |   163 |    67 ||   230
       Punch             |     1 |       ||     1
Throw: Dart              |    10 |     1 ||    11
       Stone             |    11 |     4 ||    15
       Javelin           |       |     8 ||     8
  Use: Scroll            |       |     9 ||     9
 Stab: Sleeping          |     5 |       ||     5
Armor: Robe              |    11 |       ||    11
       Leather armour    |    17 |     6 ||    23
       Ring mail         |       |     3 ||     3
Dodge: Dodged            |    51 |    27 ||    78
Block: Other             |    17 |     9 ||    26

Table legend: (Time is in decaauts)
 A = Elapsed time spent in this place.
 B = Non-inter-level travel time spent in this place.
 C = Inter-level travel time spent in this place.
 D = Time resting spent in this place.
 E = Time spent auto-exploring this place.
 F = Levels seen in this place.
 G = Mean time per level.
                   A        B        C        D        E       F      G
               +--------+--------+--------+--------+--------+-----+--------+
         Total |   3268 |   3118 |    150 |    698 |   1246 |   4 |  817.0 |
       Dungeon |   3268 |   3118 |    150 |    698 |   1246 |   4 |  817.0 |
               +--------+--------+--------+--------+--------+-----+--------+

Top non-repeatable levels by time:
     D:2: 1231 daAuts
     D:4: 932 daAuts
     D:1: 699 daAuts
     D:3: 404 daAuts
